Map: Neon Violet Square LE

Players

Juxtapose - Winner!

  • Race: Zerg Zerg
  • League: Platinum
  • Spawn Location: 5:00

A.I. 1 (Elite)

  • Race: Terran Terran
  • Spawn Location: 11:00

VOD

https://youtu.be/RUkS5LuNE_s

Description

I got to have a lot of fun with Banelings in this match, and this is definitely one of my better performances as Zerg against the Versus AI.

Time

  • Played on: Feb. 15, 2018, 9:03 p.m.
  • Length: 13:20
Show
View Real Time Build Order
Export as new Build Order

Juxtapose Zerg - Winner!

Build Orders: Hatch First 

Get SALT Encoding   

  12  0:01  Drone  
  13  0:09  Drone  
  14  0:19  Overlord  
  14  0:37  Drone x3  
  17  0:57  Hatchery  
  17  1:02  Extractor  
  17  1:03  Drone  
  16  1:15  Spawning Pool  
  16  1:17  Drone  
  16  1:28  Drone x2  
  18  1:33  Overlord  
  18  1:44  Drone  
  19  1:57  Drone  
  20  2:03  Queen  
  22  2:09  Queen  
  22  2:11  Zergling x4  
  26  2:17  Zergling x2  
  28  2:22  Zergling x2  
  27  2:34  Drone x2  
  29  2:38  Metabolic Boost  
  29  2:43  Extractor  
  28  2:49  Drone x3  
  31  2:57  Drone  
  31  2:58  Drone  
  33  3:09  Drone  
  33  3:10  Drone  
  35  3:20  Drone  
  35  3:21  Overlord x2  
  35  3:24  Lair  
  36  3:39  Evolution Chamber  
  35  3:49  Queen  
  35  3:51  Drone x4  
  35  3:52  Zergling x2, Drone  
  35  3:54  Drone  
  44  4:10  Zerg Ground Armor Level 1  
  44  4:19  Drone x4  
  48  4:25  Drone x4  
  52  4:34  Overlord x2  
  52  4:41  Hydralisk Den  
  51  4:46  Extractor  
  51  4:48  Extractor  
  49  4:59  Hatchery  
  48  5:07  Spore Crawler  
  47  5:09  Spore Crawler  
  47  5:11  Drone x5, Hydralisk  
  47  5:12  Hydralisk x2  
  57  5:17  Grooved Spines  
  57  5:43  Drone x4  
  57  5:44  Hydralisk x3  
  57  5:46  Overlord x2  
  67  6:00  Pneumatized Carapace  
  67  6:04  Zerg Missile Weapons Level 1  
  67  6:06  Hydralisk x2  
  67  6:07  Hydralisk  
  67  6:08  Overlord  
  67  6:10  Baneling Nest  
  72  6:29  Overlord x2  
  72  6:30  Zergling x8  
  72  6:31  Zergling x2  
  77  6:34  Muscular Augments  
  77  6:43  Drone  
  77  6:44  Drone x3  
  81  6:48  Queen  
  83  6:55  Spore Crawler, Baneling x4  
  83  6:56  Baneling x2  
  83  6:58  Centrifical Hooks  
  82  7:12  Hydralisk x3  
  82  7:15  Hydralisk  
  88  7:22  Baneling  
  90  7:23  Baneling  
  90  7:25  Drone x3  
  93  7:46  Infestation Pit  
  92  7:53  Burrow  
  92  7:55  Zergling x2  
  92  7:56  Zergling x10  
  92  7:58  Zerg Ground Armor Level 2  
  98  8:20  Overseer  
  98  8:22  Overseer  
  98  8:25  Overseer  
  98  8:26  Hydralisk x4  
  102  8:27  Zergling x6  
  102  8:28  Zergling x10  
  102  8:29  Overlord  
  102  8:33  Extractor  
  113  8:35  Extractor  
  112  8:46  Zergling x4  
  114  8:48  Baneling x2  
  114  8:49  Baneling x6  
  114  8:59  Overseer  
  114  9:01  Overlord  
  114  9:02  Overlord x3  
  114  9:21  Hatchery  
  113  9:28  Hydralisk  
  113  9:29  Hydralisk x7  
  113  9:30  Hydralisk  
  126  9:50  Zergling x10  
  126  9:51  Zergling x8  
  115  10:17  Hatchery  
  115  10:18  Hydralisk  
  115  10:19  Zergling x2, Hydralisk x2  
  115  10:20  Zergling x10  
  126  10:23  Baneling x2  
  126  10:24  Baneling x7  
  126  10:25  Baneling x2  
  126  10:36  Hive  
  126  10:38  Zerg Missile Weapons Level 2  
  122  11:16  Zergling x2  
  122  11:17  Zergling x14  
  122  11:18  Zergling x14  
  136  11:48  Baneling x4  
  136  11:49  Baneling x2  
  136  11:50  Zergling x14  
  136  11:54  Overlord x5  
  128  12:12  Zergling x6  
  128  12:13  Zergling x8  
  135  12:18  Baneling  
  135  12:20  Overseer x2  
  115  12:44  Zergling x12  
  117  12:45  Zergling x8  
Show
View Real Time Build Order
Export as new Build Order

A.I. 1 (Elite) Terran 

Build Orders: MMM Bio 

Get SALT Encoding   

  12  0:00  SCV  
  13  0:13  SCV  
  14  0:20  Supply Depot  
  14  0:25  SCV  
  15  0:30  Refinery  
  15  0:41  SCV  
  16  0:47  Barracks  
  16  0:54  SCV  
  17  1:06  SCV  
  17  1:08  Supply Depot  
  18  1:18  SCV  
  19  1:30  SCV  
  20  1:34  Marine  
  20  1:37  Factory  
  21  1:44  Barracks  
  21  1:47  SCV  
  21  1:52  Marine  
  23  1:59  SCV  
  24  2:03  Supply Depot  
  24  2:10  Marine  
  24  2:11  SCV  
  26  2:21  Factory Tech Lab  
  26  2:23  SCV  
  26  2:27  Marine  
  28  2:35  SCV  
  29  2:38  Marine  
  29  2:39  Siege Tank  
  33  2:47  SCV  
  34  3:08  Command Center  
  34  3:14  Orbital Command  
  34  3:20  Refinery  
  34  3:30  Marine  
  34  3:32  Marine  
  36  3:39  SCV  
  37  3:48  Marine  
  38  3:50  Marine  
  38  3:52  Supply Depot  
  39  4:03  Barracks  
  39  4:08  Barracks Tech Lab  
  39  4:12  Barracks Tech Lab  
  39  4:14  SCV  
  40  4:20  SCV  
  40  4:22  Starport  
  41  4:26  SCV  
  42  4:32  SCV  
  42  4:37  Marine  
  42  4:38  SCV, Marine  
  46  4:44  Stimpack, SCV  
  47  4:47  Combat Shields  
  47  4:50  SCV  
  48  4:56  SCV  
  48  4:59  Marine  
  49  5:02  SCV  
  49  5:04  Marauder  
  53  5:08  SCV  
  54  5:14  Supply Depot, SCV  
  54  5:18  Marauder  
  54  5:20  SCV  
  58  5:26  Marauder  
  58  5:27  SCV, Refinery  
  61  5:32  Refinery  
  61  5:33  Orbital Command  
  61  5:39  Marauder, SCV  
  61  5:41  Supply Depot  
  64  5:47  Marauder  
  66  5:51  SCV  
  66  5:57  Marine  
  67  5:58  Engineering Bay  
  67  6:01  Marauder  
  67  6:03  SCV, Command Center  
  71  6:16  Supply Depot, Barracks Reactor  
  71  6:17  SCV  
  73  6:18  SCV  
  73  6:24  Marauder  
  75  6:26  Terran Infantry Weapons Level 1  
  75  6:27  Marauder  
  75  6:28  Concussive Shells  
  75  6:29  SCV  
  78  6:35  Engineering Bay  
  78  6:38  SCV  
  79  6:44  Supply Depot, SCV  
  79  6:45  Marine  
  81  6:47  Medivac  
  81  6:48  Marauder  
  81  6:50  SCV  
  86  7:01  Terran Infantry Armor Level 1  
  86  7:05  Marine  
  86  7:06  Marauder, Missile Turret, Marine  
  86  7:07  Missile Turret  
  90  7:09  Barracks  
  90  7:11  Supply Depot, Marauder  
  92  7:17  Starport Reactor, SCV  
  92  7:18  SCV x2  
  95  7:23  Marine  
  95  7:26  Marine  
  95  7:27  Marauder  
  95  7:29  SCV  
  100  7:30  SCV  
  100  7:32  SCV  
  100  7:33  Missile Turret  
  102  7:37  Supply Depot  
  102  7:39  Marine  
  102  7:41  Missile Turret, SCV, Marine  
  102  7:42  SCV  
  106  7:44  SCV  
  107  7:52  Marauder  
  107  7:53  Viking, SCV, Medivac  
  107  7:54  SCV  
  107  7:57  Orbital Command  
  115  8:00  Supply Depot  
  115  8:05  Marauder, SCV  
  118  8:07  SCV  
  119  8:13  Marauder  
  119  8:14  Missile Turret  
  119  8:17  SCV  
  119  8:19  SCV  
  123  8:23  Viking, SCV, Medivac  
  123  8:25  Supply Depot  
  130  8:27  Marauder  
  130  8:29  SCV  
  131  8:36  Missile Turret  
  131  8:44  Hi-Sec Auto Tracking  
  131  8:45  Factory  
  131  8:49  Starport  
  131  8:51  Supply Depot, Command Center  
  131  8:53  Viking, Medivac  
  135  9:02  Armory  
  135  9:12  Missile Turret  
  135  9:17  Supply Depot  
  135  9:23  Viking  
  135  9:24  Viking  
  139  9:25  Viking  
  139  9:29  Factory Tech Lab  
  141  9:34  Armory  
  141  9:36  Building Armor  
  141  9:40  Ghost Academy  
  141  9:42  Supply Depot  
  141  9:44  Hellion  
  143  9:46  Marine x2  
  143  9:47  Marine  
  143  9:48  Hellion, Marine x2  
  143  9:50  Terran Infantry Weapons Level 2  
  109  9:55  Starport Tech Lab  
  87  10:03  SCV  
  87  10:04  Marauder, SCV x3, Marine  
  87  10:05  Siege Tank, Marine  
  87  10:06  Marauder, Marine  
  98  10:13  High Capacity Fuel Tanks  
  98  10:15  SCV  
  98  10:16  Siege Tank  
  102  10:22  Marine  
  102  10:23  Marine x2  
  102  10:25  Ghost  
  102  10:27  Marauder  
  109  10:30  Refinery  
  109  10:31  Refinery  
  109  10:36  Medivac  
  109  10:37  Siege Tank  
  109  10:39  Marine  
  109  10:40  Refinery  
  109  10:41  Refinery, Marine x2  
  117  10:46  SCV  
  117  10:48  Siege Tank  
  117  10:49  Marauder  
  122  10:53  Marine  
  122  10:54  SCV  
  107  10:57  Marine  
  107  10:58  Marine  
  107  10:59  Marine  
  103  11:09  Siege Tank  
  103  11:10  Marine  
  107  11:11  Marine  
  107  11:13  Command Center  
  107  11:15  Refinery, Marine  
  107  11:18  SCV  
  110  11:19  SCV  
  110  11:20  Siege Tank, SCV  
  110  11:24  Marine x2  
  117  11:28  Marauder  
  117  11:30  Marauder, SCV  
  117  11:32  SCV  
  123  11:33  Marine  
  118  11:41  Hellion  
  118  11:42  SCV  
  118  11:44  SCV  
  104  11:54  SCV  
  104  11:56  SCV  
  104  12:00  Marine  
  104  12:01  Marine  
  88  12:02  Marine  
  88  12:03  Marine  
  88  12:05  Marine  
  88  12:06  SCV  
  88  12:08  SCV  
  72  12:18  SCV, Marine  
  70  12:23  Marine  
  70  12:26  Marauder, SCV  
  65  12:30  SCV  
  43  12:38  SCV  
  13  12:58  SCV  
  9  13:12  Command Center  
Tags
 
Composition
MMM Bio
League
Platinum
Matchup
TvZ
Spawn Locations
Cross Positions
Add a new tag
Caveats
  • Supply blocks, unpowered buildings, or Contaminate may cause inaccurate times.
  • Supply counts are checked every 10 seconds.